 Dungeon Crawl Stone Soup version 0.31-a0-803-g95b03c3367 (webtiles) character file.

Game seed: 11122822715214393096

1971 Anon1729 the Fighter (level 9, -4/83 HPs)
             Began as a Minotaur Monk on Sept 21, 2023.
             Slain by a hornet (10 damage)
             ... on level 7 of the Dungeon.
             The game lasted 00:03:56 (5845 turns).

Anon1729 the Fighter (Minotaur Monk)                Turns: 5845, Time: 00:03:57

Health: -4/83      AC:  2    Str: 17    XL:     9   Next: 0%
Magic:  8/8        EV: 18    Int:  7    God:
Gold:   203        SH:  0    Dex: 22    Spells: 8/8 levels left

rFire   . . .        a - +0 falchion
rCold   . . .        d - orb {light}
rNeg    . . .        b - +0 robe
rPois   .            (helmet restricted)
rElec   .            (no cloak)
rCorr   .            (no gloves)
SInv    .            (no boots)
Will    .....        (no amulet)
Stlth   +            i - +6 ring of dexterity
HPRegen 0.33/turn    (no ring)
MPRegen 0.11/turn

%: no passive effects
@: slowed, glowing, very slow
A: horns 2, retaliatory headbutt
a: no special abilities


You were on level 7 of the Dungeon.
You visited 1 branch of the dungeon, and saw 7 of its levels.
You also visited: Ossuary.

You collected 384 gold pieces.
You spent 181 gold pieces at shops.

Inventory:

Hand Weapons
 a - a +0 falchion (weapon)
Armour
 b - a +0 robe (worn)
 d - an orb of light (worn)
Jewellery
 i - a +6 ring of dexterity (left hand)
Wands
 q - a wand of iceblast (6)
 y - a wand of charming (9)
 D - a wand of mindburst (16)
Scrolls
 c - 2 scrolls of fear
 f - 4 scrolls of blinking
 g - a scroll of brand weapon
 j - 2 scrolls of immolation
 k - a scroll of torment {unknown}
 l - a scroll of amnesia {unknown}
 m - 3 scrolls of vulnerability
 n - 4 scrolls of teleportation
 o - 2 scrolls of poison
 r - 3 scrolls of identify
 u - 2 scrolls of enchant armour {unknown}
Potions
 e - 4 potions of brilliance {unknown}
 h - a potion of haste {unknown}
 p - a potion of might {unknown}
 s - 2 potions of heal wounds {unknown}
 t - 2 potions of curing
 v - 2 potions of invisibility {unknown}
 w - 2 potions of magic {unknown}
 x - 4 potions of attraction
 z - 2 potions of degeneration {unknown}
 A - a potion of cancellation {unknown}
 B - a potion of lignification {unknown}
 C - a potion of berserk rage {unknown}
 E - a potion of enlightenment {unknown}


   Skills:
 + Level 9.0 Fighting
 + Level 8.9 Long Blades
 + Level 8.1 Dodging


You had 8 spell levels left.
You didn't know any spells.
Your spell library contained the following spells:

 Spells                   Type           Power      Damage    Failure   Level
 Necrotise                Necr           0%         1d4       43%         1
 Sting                    Tmut/Pois      0%         1d3       43%         1
 Blink                    Tloc           0%         N/A       56%         2
 Poisonous Vapours        Pois/Air       0%         N/A       56%         2
 Vampiric Draining        Necr           0%         2d6       80%         3
 Manifold Assault         Tloc           0%         N/A       99%         4
 Olgreb's Toxic Radiance  Pois           0%         N/A       99%         4
 Summon Ice Beast         Ice/Summ       0%         N/A       99%         4
 Agony                    Necr           0%         N/A       100%        5
 Summon Mana Viper        Hex/Summ       0%         N/A       100%        5
 Monstrous Menagerie      Summ           0%         N/A       100%        7


Dungeon Overview and Level Annotations

Branches:
Dungeon (7/15)            Ossuary (visited)
 Temple: D:4-7

Altars:
Ashenzari
Cheibriados
The Shining One

Shops:
D:4 ?


Innate Abilities, Weirdness & Mutations

You have a pair of horns on your head.
You reflexively headbutt those who attack you in melee.


Message History

The hornet is heavily wounded.
You feel extremely sick. The hornet misses you. The hornet barely misses you.
You are too injured to fight recklessly!
You are too injured to fight recklessly!
You are too injured to fight recklessly!
You are too injured to fight recklessly!
You are too injured to fight recklessly!
You are too injured to fight recklessly!
You are too injured to fight recklessly!
You are too injured to fight recklessly!
You are too injured to fight recklessly!
You are too injured to fight recklessly!
You are too injured to fight recklessly!
You are too injured to fight recklessly!
You are too injured to fight recklessly!
You are too injured to fight recklessly!
You are too injured to fight recklessly!
You hit the hornet but do no damage. Your headbutt misses the hornet.
The hornet is heavily wounded.
You feel very sick. The hornet closely misses you. The hornet misses you.
You closely miss the hornet. You headbutt the hornet.
The hornet is severely wounded.
You feel very sick. The hornet stings you!
* * * LOW HITPOINT WARNING * * *
You are lethally poisoned!
You feel as though you will be slow longer.
The hornet barely misses you.
You feel better. The hornet misses you. The hornet stings you!
* * * LOW HITPOINT WARNING * * *
You feel as though you will be slow longer.
Aiming: Iceblast
Press: ? - help, Shift-Dir - straight line The mass of ice explodes!
The iceblast engulfs the hornet!
The hornet is almost dead.
You hear a croak.
The hornet stings you!
You die...

#.........# #.# ..
#.........####>. .
#..######...#... #
#.....#.....#...
.. #...#...^...###
...#
###.....#....#
.....
#.......#..###
......#.!..†######
#..y@.#....#
#.......#....#
#.....######..#
....#.. ..# ...
#.. ..# !. ### .#
#


You could see a hornet.

Vanquished Creatures
  Menkaure (D:4)
  A sky beast (D:6)
  An ice beast (D:6)
  2 ogres
  A centaur (D:5)
  A lemure (D:4)
  Blork the orc (D:4)
  2 bullfrogs
  3 scorpions
  3 wights (D:6)
  4 killer bees (D:7)
  An electric eel (D:6)
  3 hounds
  3 jellies
  A gnoll bouda (D:4)
  A sleepcap (D:6)
  2 iguanas
  Ijyb (D:3)
  12 mummies (Ossuary)
  6 gnolls
  9 adders
  2 white imps
  An ufetubus (D:6)
  3 dart slugs
  5 orcs
  3 bats
  6 endoplasms
  3 giant cockroaches
  3 goblins
  6 hobgoblins
  5 jackals
  2 kobolds
  2 quokkas
  2 ball pythons
  A frilled lizard (D:1)
  3 gnoll skeletons (Ossuary)
  A goblin skeleton (Ossuary)
  2 kobold skeletons (Ossuary)
  2 orc skeletons (Ossuary)
  6 rats (D:1)
  11 rat skeletons (Ossuary)
128 creatures vanquished.

Notes
Turn   | Place    | Note
-------+----------+-------------------------------------------
     0 | D:1      | Anon1729 the Minotaur Monk began the quest for the Orb.
     0 | D:1      | Reached XP level 1. HP: 19/19 MP: 0/0
   221 | D:1      | Reached XP level 2. HP: 20/27 MP: 1/1
   268 | D:1      | Reached skill level 4 in Fighting
   590 | D:2      | You fall into a shaft and drop 1 floor!
   710 | D:3      | Reached XP level 3. HP: 33/33 MP: 2/2
   836 | D:3      | Found a broken altar of Ashenzari.
  1288 | D:3      | Reached XP level 4. HP: 18/41 MP: 3/3
  1472 | D:3      | Noticed Ijyb
  1487 | D:3      | Killed Ijyb
  1494 | D:3      | Reached skill level 5 in Fighting
  1685 | D:4      | Noticed Menkaure
  1695 | D:5      | Entered Level 5 of the Dungeon
  1696 | D:5      | Noticed a scorpion
  1720 | D:4      | Reached skill level 5 in Long Blades
  1720 | D:4      | Reached XP level 5. HP: 15/48 MP: 4/4
  1729 | D:4      | Killed Menkaure
  1730 | D:4      | Reached skill level 5 in Dodging
  1730 | D:4      | Reached XP level 6. HP: 13/56 MP: 5/5
  1798 | D:4      | Found a snail-covered altar of Cheibriados.
  1828 | D:4      | Found Niererch's Magic Scroll Boutique.
  1840 | D:4      | Bought a scroll of blinking for 82 gold pieces
  1840 | D:4      | Bought a scroll of fear for 44 gold pieces
  1840 | D:4      | Bought a scroll of teleportation for 33 gold pieces
  1840 | D:4      | Bought a scroll of identify for 22 gold pieces
  2002 | D:4      | Found a sand-covered staircase.
  2013 | D:4      | Noticed Blork the orc
  2016 | Ossuary  | Entered an ossuary
  2302 | Ossuary  | Reached skill level 6 in Fighting
  2570 | D:4      | Killed Blork the orc
  2571 | D:4      | Reached XP level 7. HP: 43/64 MP: 6/6
  3518 | D:5      | Reached skill level 7 in Fighting
  3893 | D:5      | Reached XP level 8. HP: 73/73 MP: 7/7
  4420 | D:6      | Reached skill level 8 in Fighting
  5604 | D:7      | Found a glowing golden altar of the Shining One.
  5641 | D:7      | Reached skill level 9 in Fighting
  5647 | D:7      | Reached XP level 9. HP: 33/83 MP: 8/8
  5845 | D:7      | Slain by a hornet

Illustrated notes

Levels and vault maps discovered:
D:1:      dpeg_arrival_simpleton_b, layout_rooms, minmay_close_crescents
D:2:      layout_basic, ebering_ecumenical_altar_petrified
D:3:      layout_loops_corners, mainiacjoe_overflow_tiny_flanked,
          kennysheep_generic_room_4, uniq_ijyb
D:4:      layout_loops_corners, cheibriados_altar_1, serial_shops,
          nicolae_stop_n_shop_1, nicolae_ossuary_entry_monument,
          uniq_blork_the_orc, uniq_menkaure, uniq_pikel
D:5:      layout_gridville
D:6:      layout_basic, hangedman_decor_opposing, hex_intersection,
          chequers_serial_rivers_room_b, st_stairs_7,
          chequers_serial_rivers_large_a, chequers_big_river
D:7:      layout_rooms, nicolae_yredelemnul_corpse_copse,
          mainiacjoe_overflow_alcove_4, lemuel_crystal_altar,
          minmay_temple_entry_junction, hangedman_decor_push

Skill      XL: |  1  2  3  4  5  6  7  8 |
---------------+-------------------------+-----
Fighting       | 4 5 6 7 9 |  9.0
Long Blades    | 4 5 6 7 8 |  8.9
Dodging        | 4 5 6 8 |  8.1

Action                     |  1- 3 |  4- 6 |  7- 9 || total
---------------------------+-------+-------+-------++-------
  Melee: Falchion          |    62 |   113 |   162 ||   337
         Headbutt          |    11 |    35 |    47 ||    93
  Evoke: Wand              |       |       |     1 ||     1
    Use: Scroll            |       |     2 |     3 ||     5
         Potion            |       |     2 |     2 ||     4
 Armour: Robe              |    29 |    44 |    75 ||   148
  Dodge: Dodged            |    41 |    76 |   116 ||   233

Table legend: (Time is in decaauts)
 A = Elapsed time spent in this place.
 B = Non-inter-level travel time spent in this place.
 C = Inter-level travel time spent in this place.
 D = Time resting spent in this place.
 E = Time spent auto-exploring this place.
 F = Levels seen in this place.
 G = Mean time per level.
                   A        B        C        D        E       F      G
               +--------+--------+--------+--------+--------+-----+--------+
         Total |   5874 |   5641 |    233 |    100 |   4638 |   8 |  734.2 |
       Dungeon |   5330 |   5097 |    233 |    100 |   4250 |   7 |  761.4 |
       Ossuary |    544 |    544 |      0 |      0 |    388 |   1 |  544.0 |
               +--------+--------+--------+--------+--------+-----+--------+

Top non-repeatable levels by time:
     D:6: 1447 daAuts
     D:4: 1320 daAuts
     D:3: 1048 daAuts
     D:5: 653 daAuts
 Ossuary: 544 daAuts
     D:1: 502 daAuts
     D:7: 266 daAuts
     D:2: 90 daAuts
